 Dungeon Crawl Stone Soup version 0.28.0-43-g3370ac3207 (webtiles) character file.

Game seed: 15717688998644722135

117794 theElss the Warrior (level 16, -5/165 HPs)
             Began as a Gargoyle Berserker on Mar 19, 2022.
             Was the Champion of Trog.
             Splashed by a goliath frog's acid (7 damage)
             ... on level 3 of the Lair of Beasts on Mar 20, 2022.
             The game lasted 01:16:55 (32493 turns).

theElss the Warrior (Gargoyle Berserker)           Turns: 32493, Time: 01:16:55

Health: -5/165     AC: 27    Str: 26    XL:     16   Next: 75%
Magic:  16/16      EV: 10    Int:  9    God:    Trog [******]
Gold:   3098       SH:  9    Dex: 11    Spells: 15/15 levels left

rFire   . . .      SeeInvis .   b - +6 shillelagh "Devastator" {shatter}
rCold   + . .      Faith    +   M - +0 kite shield
rNeg    + + .      Spirit   .   W - +2 plate armour {rC+}
rPois   ∞          Reflect  .   H - +0 helmet
rElec   +          Harm     .   P - +0 cloak
rCorr   .          Rampage  .   f - +1 pair of gloves
Will    +....                   k - +0 pair of boots
Stlth   ..........              R - amulet of faith
HPRegen 0.37/turn               v - ring of positive energy
MPRegen 0.15/turn               X - +4 ring of slaying

@: berserking, corroded, flying, very quick
A: sickness immunity, AC +12, big wings, negative energy resistance 1,
electricity resistance, torment resistance 1, petrification resistance
a: Renounce Religion, Berserk, Trog's Hand, Brothers in Arms


You were on level 3 of the Lair of Beasts.
You worshipped Trog.
Trog was exalted by your worship.
You visited 4 branches of the dungeon, and saw 24 of its levels.
You also visited: Ice Cave.

You collected 3375 gold pieces.
You spent 277 gold pieces at shops.

Inventory:

Hand Weapons
 a - the +9 mace of Ascent {vorpal, rElec rF+ Int+4}
   (You found it on level 4 of the Dungeon)

   It inflicts extra damage upon your enemies.
   Int:       It affects your intelligence (+4).
   rF:        It protects you from fire.
   rElec:     It insulates you from electricity.
 b - the +6 shillelagh "Devastator" (weapon) {shatter}
   (You found it on level 4 of the Dungeon)

   It releases a powerful concussive burst when it strikes, dealing extra damage
   to the target and all other foes adjacent to them.
 C - the +6 hunting sling of Income {vorpal, Will++}
   (You found it on level 7 of the Dungeon)

   Any ammunition fired from it inflicts extra damage upon your enemies.
   Will:      It greatly increases your willpower.
Missiles
 D - a throwing net (quivered)
 F - 713 stones
 I - 116 sling bullets
Armour
 f - a +1 pair of gloves (worn)
 k - a +0 pair of boots (worn)
 H - a +0 helmet (worn)
 M - a +0 kite shield (worn)
 P - a +0 cloak (worn)
 W - a +2 plate armour of cold resistance (worn)
Jewellery
 m - a ring of positive energy
 n - a ring of resist corrosion
 v - a ring of positive energy (left hand)
 R - an amulet of faith (around neck)
 X - a +4 ring of slaying (right hand)
Wands
 l - a wand of paralysis (11)
 p - a wand of iceblast (10)
 u - a wand of flame (63)
 w - a wand of acid (6)
 y - a wand of charming (6)
 A - a wand of polymorph (11)
 S - a wand of mindburst (9)
 Y - a wand of digging (15)
Scrolls
 c - 2 scrolls of silence
 d - 13 scrolls of teleportation
 j - 5 scrolls of fear
 r - 3 scrolls of magic mapping
 s - 2 scrolls of blinking
 t - 3 scrolls of immolation {unknown}
 J - 2 scrolls of brand weapon {unknown}
 N - a scroll of amnesia {unknown}
 O - 2 scrolls of fog {unknown}
 Q - 2 scrolls of vulnerability {unknown}
 T - 3 scrolls of holy word
 U - 2 scrolls of torment {unknown}
Potions
 e - 3 potions of might
 g - 5 potions of invisibility
 h - 8 potions of heal wounds
 i - 9 potions of curing
 q - 2 potions of magic
 x - a potion of haste
 E - 3 potions of lignification
 K - 2 potions of resistance
 V - a potion of cancellation


   Skills:
 + Level 16.2 Fighting
 + Level 15.0 Maces & Flails
 + Level 16.1 Armour
 + Level 12.6 Dodging
 + Level 6.7 Shields


You had 15 spell levels left.
You didn't know any spells.
Your spell library was empty.

Dungeon Overview and Level Annotations

Branches:
Dungeon (15/15)            Temple (0/1) D:5            Lair (6/6) D:10
  Swamp (1/4) Lair:3        Snake (0/4) Lair:4        Slime (0/5) Lair:5
    Orc (2/2) D:11            Elf (0/3) Orc:2        Vaults (0/5) D:14
 Depths (0/4) D:15          IceCv (visited)

Altars:
Cheibriados
Nemelex Xobeh
Zin
The Shining One
Beogh
Jiyva

Shops:
Orc:1 :   Orc:2 (*?[

Annotations:
D:3 2 runed translucent doors, diana's ghost, amateur KoGl


Innate Abilities, Weirdness & Mutations

You are immune to sickness and miasma.
Your stone body is resilient. (AC +12)
You are immune to poison.
Your large and strong wings let you fly.
You resist negative energy. (rN+)
You are resistant to electric shocks. (rElec)
You are resistant to unholy torment.
You are immune to petrification.


Message History

The goliath frog hits you from afar!! The acid corrodes you!
You are splashed with acid!
You hit the ghost crab.
The ghost crab shudders.
The ghost crab is moderately damaged.
The spectral spriggan air mage is lightly damaged.
The ghost crab is moderately damaged.
You are engulfed in spectral mist.
The spectral spriggan air mage barely misses you.
You block the ghost crab's attack. The ghost crab claws you.
The goliath frog barely misses you.
The spectral spriggan air mage hits you but does no damage.
The goliath frog hits you but does no damage.
The spectral spriggan air mage hits you but does no damage.
There is a staircase back to the Lair here.
You block the goliath frog's attack.
You block the spectral spriggan air mage's attack.
You fly upwards.
Welcome back to the Lair of Beasts!
The spectral fenstrider witch fades away!
The spectral spriggan air mage fades away! x2
There is a staircase to the Swamp here.
A red film seems to cover your vision as you go berserk!
You feel yourself moving faster!
You feel mighty! You block the goliath frog's attack.
The ghost crab bites you but does no damage.
The ghost crab claws you!
* * * LOW HITPOINT WARNING * * *
Unknown command.
You sock the ghost crab!
The ghost crab shudders.
The ghost crab is almost destroyed. x2
The goliath frog hits you!
* * * LOW HITPOINT WARNING * * *
You are splashed with acid!
* * * LOW HITPOINT WARNING * * *
You sock the ghost crab!
You destroy the ghost crab!
Trog accepts your kill.
You miss the goliath frog. The goliath frog hits you!!
* * * LOW HITPOINT WARNING * * *
The acid corrodes you!
You are splashed with acid!
You die...

.................................
.................................
.................................
.................................
...............§.................
..............§§§................
.##...........§§§.......<.#......
.#............#§§F...##...#......
##P.............@)§###########...
###............§§§§## ##...
#...........##§§§.# ###....
##...........####### #.##..#
##...........## ##.#..#
#.............## #...##
##.............# #.###
##...........## ###
##..)........#


You could see a goliath frog (strong).

Vanquished Creatures
  Agnes (D:14)
  An orc warlord (Orc:2)
  A dire elephant (Lair:6)
  Azrael (Orc:1)
  A fire dragon (D:15)
  2 ice dragons (D:15)
  3 boulder beetles
  A ghost crab (Lair:3)
  The ghost of fgae53 the Grappler, a novice TrHu (Orc:1)
  3 catoblepae
  12 hydras
  8 vault guards (D:14)
  2 anacondas (Lair:4)
  8 centaur warriors
  15 death yaks
  4 two-headed ogres
  3 tengu warriors
  3 orc high priests (Orc:2)
  A spriggan druid (Swamp:1)
  A swamp dragon (Lair:3)
  2 lindwurms (Lair:6)
  A deep elf pyromancer (D:15)
  6 orc knights
  5 orc sorcerers
  An ugly thing (IceCv)
  6 manticores
  4 slime creatures (D:12)
  9 cyclopes
  17 elephants
  2 ice statues (IceCv)
  Maurice (D:13)
  13 black mambas
  7 torpor snails
  7 cane toads
  3 gargoyles
  An unseen horror (D:11)
  A yaktaur (D:10)
  12 rime drakes
  2 kobold demonologists (D:12)
  2 freezing wraiths
  12 komodo dragons
  7 polar bears
  5 trolls
  Prince Ribbit (D:5)
  6 meliai
  2 hornets
  16 blink frogs
  11 dream sheep
  Sigmund (D:6)
  7 centaur simulacra
  A spriggan (Lair:3)
  2 vampires
  19 wyverns
  A wraith (D:11)
  45 yaks
  2 fire elementals
  6 vampire mosquitoes (D:13)
  A steam dragon (D:9)
  Menkaure (D:6)
  9 basilisks
  3 nagas (Lair:4)
  10 wargs
  A swamp worm (Swamp:1)
  3 hell hounds (Orc:2)
  2 acid dragons
  21 water moccasins
  26 orc warriors
  3 ice beasts
  A meliai simulacrum (D:12)
  9 black bears
  2 sky beasts
  5 ogres
  4 wolves (D:12)
  13 centaurs
  2 kobold brigands
  13 bullfrogs
  Blork the orc (D:4)
  A gnoll sergeant (D:11)
  3 scorpions
  A water moccasin zombie (D:6)
  2 elephant simulacra (IceCv)
  6 killer bees (D:8)
  5 wights (D:8)
  4 electric eels
  A howler monkey (D:7)
  4 vampire bats (Lair:5)
  5 centaur zombies
  A jelly (D:6)
  16 orc priests
  A bullfrog skeleton (D:5)
  2 gnoll shamans
  10 hounds
  Crazy Yiuf (D:4)
  A centaur skeleton (D:7)
  5 iguanas
  17 orc wizards
  A polar bear simulacrum (IceCv)
  11 hell rats
  A killer bee zombie (D:9)
  2 wolf simulacra (IceCv)
  Robin (D:4)
  A howler monkey zombie (D:8)
  15 gnolls
  2 howler monkey skeletons
  8 adders
  5 white imps
  2 ufetubi
  2 adder skeletons (D:4)
  2 worms
  A dart slug (D:3)
  93 orcs
  6 ball pythons
  9 endoplasms
  2 giant cockroaches
  15 goblins
  4 hobgoblins
  4 jackals (D:1)
  13 kobolds
  2 quokkas
  12 bats
  4 frilled lizards
  5 rats
757 creatures vanquished.

Vanquished Creatures (collateral kills)
  An orc knight (D:10)
1 creature vanquished.

Vanquished Creatures (others)
  A spriggan (Swamp:1)
  An orc warrior (Orc:2)
  An orc priest (Orc:2)
  14 fungi
  60 plants
77 creatures vanquished.

Grand Total: 835 creatures vanquished

Notes
Turn   | Place    | Note
-------+----------+-------------------------------------------
     0 | D:1      | theElss the Gargoyle Berserker began the quest for the Orb.
     0 | D:1      | Reached XP level 1. HP: 14/14 MP: 1/1
   155 | D:1      | Found a faded altar of an unknown god.
   163 | D:1      | Reached XP level 2. HP: 17/19 MP: 2/2
   796 | D:1      | Reached XP level 3. HP: 23/23 MP: 3/3
  1360 | D:2      | Reached ** piety under Trog
  1873 | D:3      | Reached XP level 4. HP: 28/29 MP: 4/4
  2105 | D:3      | Reached XP level 5. HP: 14/33 MP: 5/5
  2725 | D:3      | Found a large runed translucent door.
  2725 | D:3      | Found a large runed translucent door.
  2729 | D:3      | Noticed diana's ghost (amateur KoGl)
  3370 | D:4      | Noticed Blork the orc
  3378 | D:4      | Killed Blork the orc
  3379 | D:4      | Reached XP level 6. HP: 35/39 MP: 6/6
  3836 | D:4      | Noticed Robin
  3863 | D:4      | Killed Robin
  4235 | D:4      | Found a runed translucent door.
  4236 | D:4      | Noticed Crazy Yiuf
  4238 | D:4      | Found the +6 shillelagh "Devastator" {shatter}
  4245 | D:4      | Killed Crazy Yiuf
  4246 | D:4      | Reached skill level 5 in Fighting
  4252 | D:4      | Identified the +5 mace of Lalaosay {chaos, Fly rElec rN+
                  | Int-2}
  4254 | D:4      | Identified the +9 mace of Ascent {vorpal, rElec rF+ Int+4}
  4329 | D:5      | Entered Level 5 of the Dungeon
  4329 | D:5      | Noticed Prince Ribbit
  4342 | D:5      | Killed Prince Ribbit
  4343 | D:5      | Reached XP level 7. HP: 24/44 MP: 7/7
  4555 | D:5      | Found a staircase to the Ecumenical Temple.
  4565 | D:5      | Reached skill level 5 in Maces & Flails
  4576 | D:5      | Reached skill level 5 in Armour
  4663 | D:5      | Reached XP level 8. HP: 51/51 MP: 8/8
  5076 | D:5      | Reached *** piety under Trog
  5318 | D:6      | Noticed Menkaure
  5332 | D:6      | Killed Menkaure
  5486 | D:6      | Found a glowing silver altar of Zin.
  5606 | D:6      | Reached XP level 9. HP: 54/56 MP: 9/9
  5777 | D:6      | Noticed Sigmund
  5785 | D:6      | Killed Sigmund
  5786 | D:6      | Reached skill level 5 in Dodging
  6468 | D:7      | Identified the +6 hunting sling of Income {vorpal, Will++}
  7354 | D:8      | Reached **** piety under Trog
  7664 | D:8      | Reached XP level 10. HP: 54/64 MP: 10/10
  9819 | D:9      | Identified the +1 ring mail of Heustrane {Harm rElec
                  | Regen+}
  9926 | D:10     | Entered Level 10 of the Dungeon
 10297 | D:10     | Found a staircase to the Lair.
 10297 | D:10     | Noticed a cyclops
 10305 | D:10     | Noticed an orc knight
 10309 | D:10     | Killed a cyclops
 10330 | D:10     | Killed an orc knight
 10613 | D:10     | Reached XP level 11. HP: 72/72 MP: 11/11
 10645 | D:10     | Noticed a centaur warrior
 10649 | D:10     | Noticed a centaur warrior
 10653 | D:10     | Killed a centaur warrior
 10654 | D:10     | Killed a centaur warrior
 10655 | D:10     | Reached skill level 10 in Fighting
 10657 | D:10     | Noticed a seven-headed hydra
 10856 | D:10     | Noticed a cyclops
 10863 | D:10     | Killed a seven-headed hydra
 10868 | D:10     | Killed a cyclops
 11546 | D:10     | Found a sparkling altar of Nemelex Xobeh.
 11879 | D:9      | Reached skill level 10 in Armour
 12856 | Lair:1   | Entered Level 1 of the Lair of Beasts
 12934 | Lair:1   | Noticed a seven-headed hydra
 12941 | Lair:1   | Killed a seven-headed hydra
 13381 | Lair:1   | Reached skill level 10 in Maces & Flails
 13396 | Lair:1   | Reached XP level 12. HP: 41/80 MP: 12/12
 13842 | Lair:1   | Noticed a seven-headed hydra
 13851 | Lair:1   | Killed a seven-headed hydra
 14069 | Lair:1   | Noticed a seven-headed hydra
 14077 | Lair:1   | Killed a seven-headed hydra
 15179 | Lair:2   | Reached ***** piety under Trog
 15457 | Lair:2   | Noticed a seven-headed hydra
 15468 | Lair:2   | Killed a seven-headed hydra
 16780 | Lair:3   | Noticed a four-headed hydra
 16789 | Lair:3   | Killed a four-headed hydra
 16790 | Lair:3   | Reached XP level 13. HP: 86/86 MP: 13/13
 16925 | Lair:3   | Received a gift from Trog
 16989 | Lair:3   | Found a staircase to the Swamp.
 18322 | Lair:4   | Identified the +7 hunting sling "Nuygub" {vorpal, rC- Str+8
                  | Int+2 SInv}
 18337 | Lair:4   | Found a staircase to the Snake Pit.
 18581 | Lair:4   | Reached skill level 10 in Dodging
 19982 | Lair:5   | Gained mutation: Your large and strong wings let you fly.
                  | [Gargoyle growth]
 19982 | Lair:5   | Reached XP level 14. HP: 59/94 MP: 14/14
 20520 | Lair:5   | Found a viscous altar of Jiyva.
 20520 | Lair:5   | Found a staircase to the Slime Pits.
 20722 | Lair:5   | Found a snail-covered altar of Cheibriados.
 20949 | Lair:5   | Identified the +10 hunting sling "Orb Guardian's Bane"
                  | {venom, Will+}
 21270 | Lair:6   | Entered Level 6 of the Lair of Beasts
 22446 | Lair:6   | Noticed a dire elephant
 22456 | Lair:6   | Reached XP level 15. HP: 101/101 MP: 15/15
 23159 | D:11     | Received a gift from Trog
 23164 | D:11     | Found a staircase to the Orcish Mines.
 23167 | D:11     | Reached ****** piety under Trog
 24309 | D:12     | Found a frozen archway.
 24319 | IceCv    | Entered an ice cave
 24323 | IceCv    | Found a transporter.
 24330 | IceCv    | Reached skill level 15 in Fighting
 24353 | IceCv    | Found a transporter.
 24364 | IceCv    | Reached skill level 1 in Shields
 24553 | D:12     | Received a gift from Trog
 24848 | D:12     | Reached skill level 15 in Armour
 25098 | D:12     | Found a huge runed translucent gate.
 25098 | D:12     | Found a huge runed translucent gate.
 25098 | D:12     | Found a huge runed translucent gate.
 25099 | D:12     | Found a huge runed translucent gate.
 25640 | D:12     | Received a gift from Trog
 26117 | D:13     | Found a glowing golden altar of the Shining One.
 26569 | D:13     | You are sucked into a shaft and drop 2 floors!
 26569 | D:15     | Entered Level 15 of the Dungeon
 27189 | D:13     | Noticed Maurice
 27376 | D:13     | Killed Maurice
 27624 | D:14     | Noticed Agnes
 27636 | D:14     | Killed Agnes
 28032 | D:14     | Found a gate to the Vaults.
 28055 | D:14     | Reached XP level 16. HP: 98/108 MP: 16/16
 28450 | D:15     | Received a gift from Trog
 28472 | D:15     | Reached skill level 5 in Shields
 28913 | D:15     | Found a staircase to the Depths.
 29442 | D:15     | Found Ararogoa's Hallowed Reliquary.
 29722 | Orc:1    | Entered Level 1 of the Orcish Mines
 29920 | Orc:1    | Found Aruara's Book Emporium.
 30151 | Orc:2    | Entered Level 2 of the Orcish Mines
 30151 | Orc:2    | Found a staircase to the Elven Halls.
 30248 | Orc:1    | Found a large runed translucent door.
 30250 | Orc:1    | Found a large runed translucent door.
 30253 | Orc:1    | Noticed fgae53's ghost (novice TrHu)
 30275 | Orc:1    | Killed fgae53's ghost
 30346 | Orc:2    | Noticed Azrael
 30382 | Orc:1    | Killed Azrael
 30605 | Orc:2    | Received a gift from Trog
 31641 | Orc:2    | Received a gift from Trog
 31782 | Orc:2    | Reached skill level 15 in Maces & Flails
 31876 | Orc:2    | Found Wysezado's General Store.
 31876 | Orc:2    | Found Kaappun's Weapon Shoppe.
 31886 | Orc:2    | Found Lett's Armour Boutique.
 31886 | Orc:2    | Found Irucuul's Magic Scroll Shoppe.
 31892 | Orc:2    | Bought a scroll of holy word for 75 gold pieces
 31896 | Orc:2    | Bought a scroll of silence for 112 gold pieces
 31896 | Orc:2    | Bought a scroll of identify for 30 gold pieces
 31896 | Orc:2    | Bought a scroll of identify for 30 gold pieces
 31896 | Orc:2    | Bought a scroll of identify for 30 gold pieces
 32295 | Swamp:1  | Entered Level 1 of the Swamp
 32493 | Lair:3   | HP: 2/165 [goliath frog (24)]
 32493 | Lair:3   | Splashed by a goliath frog's acid

Illustrated notes

Levels and vault maps discovered:
D:1:      dpeg_arrival_short_road, layout_loops_ring,
          ebering_ecumenical_altar_webs, minmay_pentomino_r2
D:2:      wander_river, layout_basic, chequers_serial_rivers_micro_d,
          kennysheep_doodads
D:3:      layout_basic, ebering_ghost_disaster_area
D:4:      layout_gridville, uniq_robin, uniq_crazy_yiuf_cottage,
          uniq_blork_the_orc
D:5:      layout_rooms, minmay_temple_entry_stoned_glass, uniq_prince_ribbit1
D:6:      layout_loops_ring, mainiacjoe_overflow_alcove_2, minivault_24,
          wad_rectangle_vault, uniq_menkaure, uniq_sigmund
D:7:      layout_cave_pods, roderic_serpentine_path
D:8:      layout_basic
D:9:      layout_roguey [special_room_orc]
D:10:     layout_layer_cave, nemelex_xobeh_ov_fountains_minmay,
          erik_lair_orcish_takeover, nicolae_concentric_dashed_squares_mild,
          minmay_shattered_shrine
D:11:     layout_cave_pools, hiddenorc2_lemuel
D:12:     lemuel_bear_cage, layout_stronghold, serial_ice, serial_ice_h,
          serial_ice_g, serial_ice_l, serial_ice_f, serial_ice_e, serial_ice_o,
          portal_ice_cave_entry_pillars_2
D:13:     layout_irregular_city, moated_statue, nicolae_tso_carved_into_rock,
          uniq_maurice
D:14:     layout_basic, erik_vaults_2, uniq_agnes
D:15:     grunt_enter_depths_hoard, layout_layer_cave, special_room
          [special_room_mythical_zoo], nicolae_good_shop
Lair:1:   layout_gridlike
Lair:2:   layout_hall_layers, serial_bayou_pond_e, minivault_24,
          wad_woods_river_01
Lair:3:   layout_hall_layers, minmay_swamp_entry_reptiles,
          mumra_transporter_accident
Lair:4:   beast_lair_carwin_large_4, layout_gridlike,
          guppyfry_snake_entry_island, st_stairs_12, serial_bayou_pond_a,
          gammafunk_lair_bear_cave
Lair:5:   layout_layer_cave, dpeg_slime_entry_enclosed_altar, roderic_batcave,
          kennysheep_snail_temple
Lair:6:   hangedman_lair_in_review, layout_regular_city,
          chequers_serial_rivers_room_b, st_stairs_9, serial_bayou_shore_b
Swamp:1:  layout_basic_swamp, nicolae_swamp_feature_on_the_river_bank,
          swamp_pool1, st_shrine_of_shade
Orc:1:    layout_diamond_mine, ebering_ghost_disaster_area, serial_shops,
          nicolae_shop_stone
Orc:2:    grunt_orc_tribal_feast, layout_caves, uniq_azrael

Skill      XL: |  1  2  3  4  5  6  7  8  9 10 11 12 13 14 15 16 |
---------------+-------------------------------------------------+-----
Dodging        | 2 3 4 5 7 8 9 10 11 12 | 12.6
Armour         | 3 4 5 6 7 9 10 12 13 14 15 16 | 16.1
Fighting       | 4 5 6 8 9 11 12 13 14 15 16 | 16.2
Maces & Flails | 4 5 6 7 8 10 11 12 13 14 15 | 15.0
Shields        | 4 6 |  6.7

Action                   |  1- 3 |  4- 6 |  7- 9 | 10-12 | 13-15 | 16-18 || total
-------------------------+-------+-------+-------+-------+-------+-------++-------
Melee: Mace              |    96 |    38 |   159 |   240 |   287 |    12 ||   832
       Punch             |     2 |     2 |     2 |     7 |    12 |       ||    25
       Whip              |       |   140 |       |       |       |       ||   140
       Shillelagh        |       |       |    18 |   139 |   527 |   281 ||   965
Invok: Berserk           |     1 |     7 |     7 |    10 |    18 |     6 ||    49
       Trog's Hand       |       |       |     1 |     2 |     4 |     1 ||     8
       Brothers in Arms  |       |       |       |     1 |       |       ||     1
  Use: Scroll            |       |       |       |     7 |    10 |     6 ||    23
 Stab: Petrified         |       |       |       |       |     1 |       ||     1
Armor: Animal skin       |     4 |       |       |       |       |       ||     4
       Plate armour      |    70 |   119 |   123 |   291 |   701 |   195 ||  1499
Dodge: Dodged            |    42 |    62 |    75 |   167 |   447 |   101 ||   894
Block: Buckler           |       |       |       |       |    39 |     5 ||    44
       Kite shield       |       |       |       |       |       |   140 ||   140
